 Dungeon Crawl Stone Soup version 0.31.0-11-ge490571c62 (webtiles) character file.

Game seed: 12117146943578781509

254 qw the Skirmisher (level 5, -1/30 HPs)
             Began as a Deep Elf Hunter on Feb 3, 2024.
             Was an Initiate of Okawaru.
             Slain by Grinder (6 damage)
             ... on level 4 of the Dungeon.
             The game lasted 00:01:11 (2981 turns).

qw the Skirmisher (Deep Elf Hunter)                 Turns: 2981, Time: 00:01:12

Health: -1/30      AC:  8    Str:  7    XL:     5   Next: 91%
Magic:  7/7        EV: 10    Int: 18    God:    Okawaru [......]
Gold:   104        SH:  4    Dex: 17    Spells: 4/4 levels left

rFire   . . .        a - +1 shortbow
rCold   . . .        (shield currently unavailable)
rNeg    . . .        d - +0 ring mail
rPois   .            e - +0 helmet
rElec   .            g - +1 cloak
rCorr   .            (no gloves)
SInv    .            (no boots)
Will    .....        (no amulet)
Stlth   +            (no ring)
HPRegen 0.25/turn    (no ring)
MPRegen 0.10/turn

%: no passive effects
@: hasted, very quick
A: large bone plates 1, clever 1, sense surroundings 1, weak 1
a: Renounce Religion


You were on level 4 of the Dungeon.
You worshipped Okawaru.
Okawaru was noncommittal.
You visited 2 branches of the dungeon, and saw 5 of its levels.

You collected 104 gold pieces.


Innate Abilities, Weirdness & Mutations

You are partially covered in large bone plates. (SH +4)
Your mind is acute. (Int +4, Str/Dex -1)
You passively map a small area around you.
You are weak. (Str -2)


   Skills:
 - Level 2.2 Fighting
 - Level 9.1 Ranged Weapons
 + Level 0.0 Armour
 - Level 2.4 Dodging
 - Level 1.2 Stealth


You had 4 spell levels left.
You didn't know any spells.
Your spell library was empty.

Inventory:

Hand Weapons
 a - a +1 shortbow (weapon)
Armour
 d - a +0 ring mail (worn)
 e - a +0 helmet (worn)
 g - a +1 cloak (worn)
Wands
 f - a wand of polymorph (6)
 j - a wand of charming (9)
Scrolls
 b - a scroll of identify
Potions
 h - a potion of curing
 k - a potion of mutation

Dungeon Overview and Level Annotations

Branches:
Dungeon (4/15)             Temple (1/1) D:4

Altars:
Ashenzari
Cheibriados
Elyvilon
Fedhas
Gozag
Kikubaaqudgha
Nemelex Xobeh
Okawaru
Ru
Sif Muna
Trog
Vehumet
Wu Jian
Xom

Annotations:
D:3 2 runed translucent doors, qw's ghost, amateur DEHu
D:4 Grinder


Message History

Grinder comes into view.
She is carrying a wand of flame.
You shoot an arrow.
Grinder shouts!
The arrow hits the hobgoblin but does no damage.
Grinder blinks!
You shoot an arrow. The arrow hits the hobgoblin.
The hobgoblin is severely wounded.
A hound comes into view.
The hobgoblin hits you.
You shoot an arrow. The arrow closely misses the hobgoblin.
You block the hobgoblin's attack. The hobgoblin misses you.
You shoot an arrow. The arrow hits the hobgoblin.
The hobgoblin is almost dead.
The hobgoblin hits you.
You shoot an arrow. The arrow closely misses the hobgoblin.
The hobgoblin closely misses you.
2976 ||| DRINKING potion of haste.
You feel yourself speed up.
The hobgoblin hits you but does no damage.
Grinder hits you.
You writhe in agony.
You shoot an arrow.
The arrow completely misses the hobgoblin.
You shoot an arrow. The arrow barely misses the hobgoblin.
You block the hobgoblin's attack. Grinder hits you but does no damage.
The hound bites you.
You shoot an arrow.
The arrow hits the hobgoblin but does no damage.
The hobgoblin is almost dead.
Grinder hits you.
You writhe in agony.
The hobgoblin barely misses you. The hound closely misses you.
You shoot an arrow.
The arrow completely misses the hobgoblin.
Grinder gestures at you. You resist with significant effort.
The hobgoblin closely misses you. The hound bites you but does no damage.
You shoot an arrow. The arrow hits the hobgoblin.
You kill the hobgoblin!
Okawaru accepts your kill. The hound misses you. Grinder hits you!
You writhe in agony.
You die...
Grinder says, "Hey, I wasn't done torturing you yet!"

#######..#.# #...~
#. ..#..# # #..~~
#.**#.#..#.#+##..~~
#.* #.#..#.......~~
#. #.............~
#.* #.#..##........
#.#####..# ......#
#####h#......#
####..
#....5@.....## #..
#.....#.###.# #..
#.....#.# #.# #..
#.....#.# #.# #..
#.....#.# #.# #.#
#.....#.# #.# #+
#.....#.# .#
......#.. , , , ###
*


You could see Grinder and a hound.

Vanquished Creatures
  A scorpion (D:4)
  A hound (D:4)
  An iguana (D:4)
  Terence (D:3)
  Robin (D:3)
  3 adders
  3 dart slugs (D:1)
  A ribbon worm (D:3)
  2 bats (D:1)
  9 endoplasms
  5 giant cockroaches
  13 goblins
  8 hobgoblins
  3 quokkas (D:1)
  11 ball pythons
  5 frilled lizards
  3 kobolds (D:1)
  4 rats
75 creatures vanquished.

Notes
Turn   | Place    | Note
-------+----------+-------------------------------------------
     0 | D:1      | qw the Deep Elf Hunter began the quest for the Orb.
     0 | D:1      | Reached XP level 1. HP: 12/12 MP: 3/3
     0 | D:1      | 0 ||| qw: Version: 0.3-a-155-g5e7d8dd
     0 | D:1      | 0 ||| qw: Game counter: 3167
     0 | D:1      | 0 ||| qw: Melee chars always use a shield: true
     0 | D:1      | 0 ||| qw: God list: Okawaru
     0 | D:1      | 0 ||| qw: Allow faded altars: false
     0 | D:1      | 0 ||| qw: Do Orc after clearing Dungeon:15 true
     0 | D:1      | 0 ||| qw: Do second Lair branch before Depths: true
     0 | D:1      | 0 ||| qw: Lair rune preference: random
     0 | D:1      | 0 ||| qw: Goals: Normal
     0 | D:1      | 0 ||| PLANNING D:1-11
   187 | D:1      | Reached XP level 2. HP: 16/16 MP: 4/4
   196 | D:1      | Reached skill level 6 in Ranged Weapons
   481 | D:1      | Reached XP level 3. HP: 20/20 MP: 5/5
   984 | D:1      | 984 ||| UPGRADING to +0 ring mail.
   994 | D:1      | 994 ||| DROPPING +0 leather armour.
   995 | D:1      | 995 ||| DROPPING scarf of shadows.
   996 | D:1      | 996 ||| READING scroll labelled DESHRY BIOTSYU.
   996 | D:1      | 996 ||| ENCHANTING +0 shortbow.
   997 | D:1      | 997 ||| READING scroll labelled SORA SUJUEDIS.
  1001 | D:1      | 1001 ||| READING 2 scrolls labelled HEERUA YMONA.
  1002 | D:1      | 1002 ||| DROPPING scroll of butterflies.
  1003 | D:1      | 1003 ||| DROPPING scroll of immolation.
  1024 | D:2      | 1024 ||| STAIRDANCE
  1030 | D:2      | 1030 ||| STAIRDANCE
  1319 | D:2      | Reached skill level 7 in Ranged Weapons
  1533 | D:2      | 1533 ||| UPGRADING to +1 cloak.
  1538 | D:2      | 1538 ||| READING 2 scrolls labelled CER NOIGROEH.
  1538 | D:2      | 1538 ||| IDENTIFYING green potion
  1539 | D:2      | 1539 ||| READING scroll of identify.
  1539 | D:2      | 1539 ||| IDENTIFYING bubbling pink potion
  1540 | D:2      | 1540 ||| READING scroll labelled WIGHEMANUA.
  1645 | D:3      | Found a faded altar of an unknown god.
  1873 | D:3      | Found a large runed translucent door.
  1875 | D:3      | Found a large runed translucent door.
  1889 | D:3      | Reached XP level 4. HP: 25/25 MP: 6/6
  1889 | D:3      | Noticed Robin
  1895 | D:3      | Killed Robin
  1903 | D:3      | 1903 ||| FLEEEEING.
  1904 | D:3      | 1904 ||| FLEEEEING.
  1905 | D:3      | 1905 ||| FLEEEEING.
  1906 | D:3      | 1906 ||| FLEEEEING.
  1907 | D:3      | 1907 ||| FLEEEEING.
  1908 | D:3      | 1908 ||| FLEEEEING.
  1909 | D:3      | 1909 ||| FLEEEEING.
  1910 | D:3      | 1910 ||| FLEEEEING.
  1911 | D:3      | 1911 ||| FLEEEEING.
  1912 | D:3      | 1912 ||| FLEEEEING.
  2091 | D:3      | Found a faded altar of an unknown god.
  2095 | D:3      | Found a shimmering blue altar of Sif Muna.
  2159 | D:3      | Noticed Terence
  2164 | D:3      | Killed Terence
  2165 | D:3      | Reached skill level 8 in Ranged Weapons
  2331 | D:3      | Noticed qw's ghost (amateur DEHu)
  2384 | D:3      | 2384 ||| UPGRADING to +0 helmet.
  2389 | D:3      | 2389 ||| READING scroll of identify.
  2389 | D:3      | 2389 ||| IDENTIFYING lumpy inky potion
  2390 | D:3      | 2390 ||| DRINKING 2 metallic purple potions.
  2390 | D:3      | Gained mutation: You passively map a small area around you.
                  | [potion of mutation]
  2390 | D:3      | Gained mutation: Your mind is acute. (Int +4, Str/Dex -1)
                  | [potion of mutation]
  2390 | D:3      | Gained mutation: You are weak. (Str -2) [potion of
                  | mutation]
  2390 | D:3      | Gained mutation: You are partially covered in large bone
                  | plates. (SH +4) [potion of mutation]
  2461 | D:4      | HP: 3/25 [iguana (12)]
  2462 | D:4      | 2462 ||| READING scroll of teleportation.
  2463 | D:4      | 2463 ||| DRINKING potion of heal wounds.
  2465 | D:4      | Reached XP level 5. HP: 26/29 MP: 7/7
  2495 | D:4      | Reached skill level 9 in Ranged Weapons
  2630 | D:4      | Found a staircase to the Ecumenical Temple.
  2631 | D:4      | 2631 ||| PLANNING TEMPLE
  2631 | D:4      | 2631 ||| READING 2 scrolls of identify.
  2631 | D:4      | 2631 ||| IDENTIFYING scroll labelled ENEH FITHRAOME
  2632 | D:4      | 2632 ||| DROPPING scroll of poison.
  2639 | Temple   | Entered the Ecumenical Temple
  2640 | Temple   | 2640 ||| PLANNING OKAWARU WORSHIP
  2648 | Temple   | Became a worshipper of Warmaster Okawaru
  2649 | Temple   | 2649 ||| PLANNING D:1-11
  2970 | D:4      | Noticed Grinder
  2976 | D:4      | 2976 ||| DRINKING potion of haste.
  2981 | D:4      | HP: 5/30 [Grinder (8)]
  2981 | D:4      | Slain by Grinder

Levels and vault maps discovered:
D:1:      roderic_dead_forest, layout_basic, minmay_pentomino_q2
D:2:      layout_rooms
D:3:      layout_basic, nicolae_overflow_ecumenical_swirl,
          ebering_ghost_disaster_area, nicolae_ecumenical_pavilion, uniq_robin,
          uniq_terence
D:4:      layout_basic, minmay_temple_entry_mist, uniq_grinder
Temple:   dshaligram_water_room_temple

Skill      XL: |  1  2  3  4  5 |
---------------+----------------+-----
Ranged Weapons | 6 7 8 9 |  9.1
Fighting       | 2 |  2.2
Dodging        | |  2.4
Stealth        | |  1.2

Action                     |  1- 3 |  4- 6 || total
---------------------------+-------+-------++-------
   Fire: Shortbow          |   111 |    80 ||   191
    Use: Scroll            |     6 |     3 ||     9
         Potion            |       |     3 ||     3
 Armour: Leather armour    |     7 |       ||     7
         Ring mail         |    12 |    27 ||    39
  Dodge: Dodged            |    21 |    19 ||    40
  Block: Other             |       |     5 ||     5

Table legend:
 A = Non-vault XP
 B = Vault XP
 C = Vault XP percentage of total XP
 D = Non-vault monster count
 E = Vault monster count
 F = Vault count percentage of total count
                 A         B        C        D         E       F
            +---------+---------+-------+---------+---------+-------
      Total |     299 |      67 |  18.3 |      62 |      13 |  17.3
            +---------+---------+-------+---------+---------+-------
        D:1 |      51 |       1 |   1.9 |      25 |       1 |   3.8
        D:2 |      20 |       0 |   0.0 |      13 |       0 |   0.0
        D:3 |      41 |      66 |  61.7 |      10 |      12 |  54.5
        D:4 |     187 |       0 |   0.0 |      14 |       0 |   0.0
            +---------+---------+-------+---------+---------+-------
